 Dungeon Crawl Stone Soup version 0.21.1-1-g345015f (webtiles) character file.

630 tidbits the Charmwright (level 7, -2/56 HPs)
             Began as a Gnoll Skald on June 25, 2018.
             Slain by a bullfrog (3 damage)
             ... on level 6 of the Dungeon.
             The game lasted 00:08:21 (1034 turns).

tidbits the Charmwright (Gnoll Skald)               Turns: 1034, Time: 00:08:22

Health: -2/56      AC:  3    Str: 12 (14) XL:     7   Next: 48%
Magic:  8/15       EV: 13    Int: 16 (17) God:
Gold:   183        SH:  0    Dex: 11 (14) Spells: 6/17 levels left

rFire    . . .     SeeInvis .   a - +0 hand axe
rCold    . . .     Gourm    .   (no shield)
rNeg     . . .     Faith    .   b - +0 leather armour
rPois    .         Spirit   .   (no helmet)
rElec    .         Reflect  .   (no cloak)
rCorr    .         Harm     .   (no gloves)
MR       .....                  (no boots)
Stlth    +.........             (no amulet)
HPRegen  0.18/turn              (no ring)
MPRegen  0.14/turn              (no ring)

@: singing, very slightly contaminated, glowing
A: distributed training, fangs 1, strong nose
a: no special abilities


You were on level 6 of the Dungeon.
You were very hungry.

You visited 1 branch of the dungeon, and saw 7 of its levels.
You also visited: Sewer.

You collected 183 gold pieces.

Inventory:

Hand Weapons
 a - a +0 hand axe (weapon)
 f - a +0 dagger
 s - a +2 short sword of freezing
   (You found it on level 4 of the Dungeon)
 t - a cursed +0 long sword
Missiles
 l - 51 arrows
Armour
 b - a +0 leather armour (worn)
Scrolls
 e - 3 scrolls of remove curse {unknown}
 g - a scroll of identify {unknown}
 h - a scroll of enchant weapon {unknown}
 j - a scroll of blinking {unknown}
 k - 2 scrolls of fog {unknown}
 m - a scroll of amnesia {unknown}
Potions
 i - a potion of heal wounds {unknown}
 n - a potion of resistance {unknown}
 o - a potion of curing
Books
 c - a book of Battle

   Spells                             Type                      Level
   a - Infusion                       Charms                       1
   b - Shroud of Golubria             Charms/Translocation         2
   c - Song of Slaying                Charms                       2
   d - Spectral Weapon                Hexes/Charms                 3
   e - Regeneration                   Charms/Necromancy            3
 u - a book of Air
   (You found it on level 5 of the Dungeon)

   Spells                             Type                      Level
   a - Shock                          Conjuration/Air              1
   b - Swiftness                      Charms/Air                   2
   c - Static Discharge               Conjuration/Air              3
   d - Airstrike                      Air                          4
   e - Lightning Bolt                 Conjuration/Air              5
Comestibles
 d - 7 rations


   Skills:
 + Level 5.2 Fighting
 + Level 2.4 Short Blades
 + Level 2.4 Long Blades
 + Level 5.2 Axes
 + Level 2.4 Maces & Flails
 + Level 2.4 Polearms
 + Level 2.4 Staves
 + Level 2.4 Slings
 + Level 2.4 Bows
 + Level 2.4 Crossbows
 + Level 2.4 Throwing
 + Level 3.6 Armour
 + Level 5.2 Dodging
 + Level 2.4 Stealth
 + Level 2.4 Shields
 + Level 2.4 Unarmed Combat
 + Level 5.6 Spellcasting
 + Level 2.0 Conjurations
 + Level 2.0 Hexes
 + Level 5.8 Charms
 + Level 2.0 Summonings
 + Level 2.0 Necromancy
 + Level 2.0 Translocations
 + Level 2.0 Transmutations
 + Level 2.0 Fire Magic
 + Level 2.0 Ice Magic
 + Level 2.0 Air Magic
 + Level 2.0 Earth Magic
 + Level 2.0 Poison Magic
 + Level 2.7 Invocations
 + Level 2.4 Evocations


You had 6 spell levels left.
You knew the following spells:

 Your Spells              Type           Power        Failure   Level  Hunger
g - Shroud of Golubria    Chrm/Tloc      ###.......   5%          2    #......
i - Infusion              Chrm           ###.         1%          1    None
r - Regeneration          Chrm/Necr      ###.......   11%         3    ##.....
w - Spectral Weapon       Hex/Chrm       ###.....     11%         3    ##.....
y - Song of Slaying       Chrm           ###.....     2%          2    #......


Dungeon Overview and Level Annotations

Branches:
Dungeon (7/15)
 Temple: D:4-7

Altars:
Fedhas
Qazlal

Shops:
D:5 :

Annotations:
D:6 Menkaure


Innate Abilities, Weirdness & Mutations

Your experience applies equally to all skills.
You have very sharp teeth.
Your uncanny sense of smell can sniff out nearby items.


Message History

Your Fire Magic skill increases to level 2!
Your Ice Magic skill increases to level 2!
Your Air Magic skill increases to level 2!
Your Earth Magic skill increases to level 2!
Your Poison Magic skill increases to level 2!
Found a scroll labeled VULLESHUEW and 20 gold pieces.
Found a chain mail, a fuming emerald potion and 25 gold pieces.
Autopickup is now on.
You now have 144 gold pieces (gained 6).
i - a fuming emerald potion You now have 149 gold pieces (gained 5).
e - 3 scrolls labeled VULLESHUEW (gained 1)
You now have 164 gold pieces (gained 15).
You feel a little less agile now.
You feel a little less clever now.
You now have 172 gold pieces (gained 8).
Your shroud begins to fray at the edges.
You now have 183 gold pieces (gained 11).
Your shroud unravels.
Your spectral weapon fades away.
Found a gate leading back out of this place.
Found a fizzy yellow potion.
There is a gate leading back out of this place here.
Welcome back to the Dungeon!
There is a collapsed entrance here.
Unknown command.
You enter the shallow water.
Moving in this stuff is going to be slow.
There is an open door, spattered with blood here.
Things that are here:
a giant cockroach corpse; an adder corpse; a rat corpse Unknown command.
You open the door.
There is an open door here.
You open the door.
There is an open door here.
Found a ration.
Found a grey potion.
Found a chain mail.
d - 7 rations (gained 1)
There are no items here.
n - a grey potion
There are no items here.
You see here a chain mail.
You open the door.
A bullfrog comes into view.
Found 6 gold pieces.
There is an open door here.
You are feeling very hungry.
Casting: Spectral Weapon
Confirm with . or Enter, or press ? or * to list all spells.
You miscast Spectral Weapon.
You are very lightly contaminated with residual magic.
You are outlined in light.
Casting: Spectral Weapon
Confirm with . or Enter, or press ? or * to list all spells.
You draw out your weapon's spirit!
The bullfrog hits you!
Casting: Spectral Weapon
Confirm with . or Enter, or press ? or * to list all spells.
Okay, then.
Casting: Spectral Weapon
Confirm with . or Enter, or press ? or * to list all spells.
You start singing a song of slaying.
The bullfrog closely misses you. The bullfrog completely misses you.
Menkaure, Prince of Dust comes into view.
Menkaure shouts!
You hit the bullfrog.
The bullfrog is lightly wounded.
Your spectral weapon barely misses the bullfrog.
The bullfrog hits you. The bullfrog barely misses you.
The bullfrog barely misses you.
Menkaure calls on the powers of darkness!
The bullfrog convulses!
Your body is wracked with pain!
* * * LOW HITPOINT WARNING * * *
The bullfrog hits you.
* * * LOW HITPOINT WARNING * * *
The bullfrog hits you.
* * * LOW HITPOINT WARNING * * *
Menkaure calls on the powers of darkness!
Your body is wracked with pain!
* * * LOW HITPOINT WARNING * * *
The bullfrog convulses!
The bullfrog hits your spectral weapon but does no damage. x2
Menkaure closely misses you.
The bullfrog hits your spectral weapon but does no damage.
Your leather armour prevents you from hitting Menkaure.
Your bite misses Menkaure.
Your spectral weapon hits Menkaure!
Menkaure casts a spell.
Menkaure seems to speed up.
You hit Menkaure.
Menkaure is heavily damaged.
You completely miss the bullfrog.
Your spectral weapon barely misses Menkaure.
Your spectral weapon hits the bullfrog.
The bullfrog hits you.
* * * LOW HITPOINT WARNING * * *
Menkaure gestures at you while chanting.
Pain shoots through your body!
* * * LOW HITPOINT WARNING * * *
The bullfrog hits you.
You die...

#[# #.#
##'##
##...##
##.....##
##.......##
#.........#
+.....F...+
#.....@($.#
##....M..##
##.....##
##...##
##+##


You could see Menkaure, a bullfrog and a friendly spectral hand axe.

Vanquished Creatures
  A water moccasin (D:6)
  Purgy (Sewer)
  An ogre (D:4)
  2 scorpions
  A wight (D:5)
  A crimson imp (D:6)
  2 hounds (D:5)
  A worker ant (D:5)
  3 adders
  A river rat (D:6)
  A shadow imp (D:5)
  A dart slug (D:2)
  13 giant cockroaches
  2 goblins
  2 hobgoblins
  2 jackals (D:1)
  4 ball pythons
  6 bats
  3 frilled lizards
  3 rats
51 creatures vanquished.

Notes
Turn   | Place    | Note
-------+----------+-------------------------------------------
     0 | D:1      | tidbits the Gnoll Skald began the quest for the Orb.
     0 | D:1      | Reached XP level 1. HP: 20/20 MP: 6/6
   119 | D:2      | Reached XP level 2. HP: 24/26 MP: 3/7
   123 | D:2      | Learned a level 2 spell: Song of Slaying
   126 | D:2      | Learned a level 2 spell: Shroud of Golubria
   149 | D:2      | Reached skill level 5 in Spellcasting
   149 | D:2      | Reached XP level 3. HP: 26/31 MP: 0/9
   156 | D:2      | Learned a level 3 spell: Regeneration
   160 | D:2      | Learned a level 3 spell: Spectral Weapon
   195 | D:2      | Reached skill level 1 in Invocations
   488 | D:4      | Noticed an ogre
   497 | D:4      | Killed an ogre
   497 | D:4      | Reached skill level 1 in Short Blades
   497 | D:4      | Reached skill level 1 in Long Blades
   497 | D:4      | Reached skill level 1 in Maces & Flails
   497 | D:4      | Reached skill level 1 in Polearms
   497 | D:4      | Reached skill level 1 in Staves
   497 | D:4      | Reached skill level 1 in Slings
   497 | D:4      | Reached skill level 1 in Bows
   497 | D:4      | Reached skill level 1 in Crossbows
   497 | D:4      | Reached skill level 1 in Throwing
   497 | D:4      | Reached skill level 1 in Stealth
   497 | D:4      | Reached skill level 1 in Shields
   497 | D:4      | Reached skill level 1 in Unarmed Combat
   497 | D:4      | Reached skill level 1 in Conjurations
   497 | D:4      | Reached skill level 1 in Hexes
   497 | D:4      | Reached skill level 1 in Summonings
   497 | D:4      | Reached skill level 1 in Necromancy
   497 | D:4      | Reached skill level 1 in Translocations
   497 | D:4      | Reached skill level 1 in Transmutations
   497 | D:4      | Reached skill level 1 in Fire Magic
   497 | D:4      | Reached skill level 1 in Ice Magic
   497 | D:4      | Reached skill level 1 in Air Magic
   497 | D:4      | Reached skill level 1 in Earth Magic
   497 | D:4      | Reached skill level 1 in Poison Magic
   497 | D:4      | Reached skill level 1 in Evocations
   497 | D:4      | Reached XP level 4. HP: 38/38 MP: 2/11
   497 | D:4      | Reached XP level 5. HP: 43/43 MP: 2/12
   527 | D:4      | Reached skill level 3 in Armour
   533 | D:5      | Entered Level 5 of the Dungeon
   628 | D:5      | Reached XP level 6. HP: 41/50 MP: 5/13
   630 | D:5      | Reached skill level 2 in Invocations
   635 | D:5      | Found a blossoming altar of Fedhas.
   660 | D:5      | Reached skill level 5 in Fighting
   660 | D:5      | Reached skill level 5 in Axes
   660 | D:5      | Reached skill level 5 in Dodging
   682 | D:5      | Reached skill level 2 in Short Blades
   682 | D:5      | Reached skill level 2 in Long Blades
   682 | D:5      | Reached skill level 2 in Maces & Flails
   682 | D:5      | Reached skill level 2 in Polearms
   682 | D:5      | Reached skill level 2 in Staves
   682 | D:5      | Reached skill level 2 in Slings
   682 | D:5      | Reached skill level 2 in Bows
   682 | D:5      | Reached skill level 2 in Crossbows
   682 | D:5      | Reached skill level 2 in Throwing
   682 | D:5      | Reached skill level 2 in Stealth
   682 | D:5      | Reached skill level 2 in Shields
   682 | D:5      | Reached skill level 2 in Unarmed Combat
   682 | D:5      | Reached skill level 2 in Evocations
   704 | D:5      | Found Wysoch Goschy's Book Boutique.
   754 | D:6      | Noticed a water moccasin
   764 | D:6      | Killed a water moccasin
   764 | D:6      | Reached XP level 7. HP: 46/56 MP: 4/15
   801 | D:6      | Found a stormy altar of Qazlal.
   815 | D:6      | Found a glowing drain.
   854 | Sewer    | Entered a sewer
   875 | Sewer    | Noticed Purgy
   900 | Sewer    | Killed Purgy
   900 | Sewer    | Reached skill level 2 in Conjurations
   900 | Sewer    | Reached skill level 2 in Hexes
   900 | Sewer    | Reached skill level 2 in Summonings
   900 | Sewer    | Reached skill level 2 in Necromancy
   900 | Sewer    | Reached skill level 2 in Translocations
   900 | Sewer    | Reached skill level 2 in Transmutations
   900 | Sewer    | Reached skill level 2 in Fire Magic
   900 | Sewer    | Reached skill level 2 in Ice Magic
   900 | Sewer    | Reached skill level 2 in Air Magic
   900 | Sewer    | Reached skill level 2 in Earth Magic
   900 | Sewer    | Reached skill level 2 in Poison Magic
  1027 | D:6      | Noticed Menkaure
  1034 | D:6      | HP: 1/56 [Menkaure/nerve-wracking pain (6)]
  1034 | D:6      | Slain by a bullfrog

Skill      XL: |  1  2  3  4  5  6  7 |
---------------+----------------------+-----
Spellcasting   | 5 |  5.6
Invocations    | 1 2 |  2.7
Short Blades   | 1 2 |  2.4
Long Blades    | 1 2 |  2.4
Maces & Flails | 1 2 |  2.4
Polearms       | 1 2 |  2.4
Staves         | 1 2 |  2.4
Slings         | 1 2 |  2.4
Bows           | 1 2 |  2.4
Crossbows      | 1 2 |  2.4
Throwing       | 1 2 |  2.4
Stealth        | 1 2 |  2.4
Shields        | 1 2 |  2.4
Unarmed Combat | 1 2 |  2.4
Conjurations   | 1 2 |  2.0
Hexes          | 1 2 |  2.0
Summonings     | 1 2 |  2.0
Necromancy     | 1 2 |  2.0
Translocations | 1 2 |  2.0
Transmutations | 1 2 |  2.0
Fire Magic     | 1 2 |  2.0
Ice Magic      | 1 2 |  2.0
Air Magic      | 1 2 |  2.0
Earth Magic    | 1 2 |  2.0
Poison Magic   | 1 2 |  2.0
Evocations     | 1 2 |  2.4
Armour         | 3 |  3.6
Fighting       | 5 |  5.2
Axes           | 5 |  5.2
Dodging        | 5 |  5.2
Charms         | |  5.8

Action                   |  1- 3 |  4- 6 |  7- 9 || total
-------------------------+-------+-------+-------++-------
Melee: Hand axe          |    50 |    65 |    32 ||   147
       Bite              |     8 |     8 |     2 ||    18
       Punch             |       |     1 |       ||     1
Throw: Throwing net      |       |       |     1 ||     1
 Cast: Infusion          |     3 |       |       ||     3
       Song of Slaying   |     5 |     2 |     2 ||     9
       Shroud of Golubri |     2 |     2 |     2 ||     6
       Spectral Weapon   |     3 |     6 |     5 ||    14
       Regeneration      |     1 |     1 |     1 ||     3
  Use: Potion            |       |       |     6 ||     6
 Stab: Distracted        |     1 |       |       ||     1
  Eat: Chunk             |       |     1 |       ||     1
Armor: Leather armour    |    13 |    10 |     6 ||    29
Dodge: Dodged            |    47 |    47 |    33 ||   127

Table legend:
 A = Turns spent in this place as a percentage of turns spent in the entire game.
 B = Non-inter-level travel turns spent in this place as a percentage of non-inter-level travel turns spent in the entire game.
 C = Inter-level travel turns spent in this place as a percentage of turns spent in this place.
 D = Turns resting spent in this place as a percentage of non-inter-level travel turns spent in this place.
 E = Turns spent auto-exploring this place as a percentage of non-inter-level travel turns spent in this place.
 F = Non-inter-level travel turns spent in this place divided by the number of levels of this place that you've seen.
                   A       B       C       D       E      F
               +-------+-------+-------+-------+-------+----------------------
         Total | 100.0 | 100.0 |   0.0 |   0.0 |   0.0 | 129.2
       Dungeon |  91.2 |  91.2 |   0.0 |   0.0 |   0.0 | 134.7
         Sewer |   8.8 |   8.8 |   0.0 |   0.0 |   0.0 |  91.0
               +-------+-------+-------+-------+-------+----------------------

Table legend:
 A = Kills in this place as a percentage of kills in entire the game.
 B = Kills by you in this place as a percentage of kills by you in the entire game.
 C = Kills by friends in this place as a percentage of kills by friends in the entire game.
 D = Other kills in this place as a percentage of other kills in the entire game.
 E = Experience gained in this place as a percentage of experience gained in the entire game.
 F = Experience gained in this place divided by the number of levels of this place that you have seen.
                   A       B       C       D       E      F
               +-------+-------+-------+-------+-------+----------------------
         Total | 100.0 | 100.0 |   N/A |   N/A | 100.0 | 112.6
       Dungeon |  88.2 |  88.2 |   N/A |   N/A |  84.1 | 108.3
         Sewer |  11.8 |  11.8 |   N/A |   N/A |  15.9 | 143.0
               +-------+-------+-------+-------+-------+----------------------

Vault maps used:
D:1:      lemuel_arrival_hallway
D:2:      minmay_roachtagon, first_ration, kennysheep_another_room, uniq_natasha
D:4:      serial_shops, shop_statue, serial_bayou_lagoon_a,
          minmay_misc_feat_rugged
D:5:      serial_shops, shop, fedhas_altar_3
D:6:      portal_sewer_entry_c, grunt_qazlal_clouds, uniq_menkaure, uniq_sigmund
D:7:      minmay_temple_entry_mist, guppyfry_shop_venom
Sewer:    sewer_big_baddie
